[Event "Titled Tuesday Blitz October 19 2021"]
[White "Vokhidov, Shamsiddin"]
[Black "Vlassov, Nikolai"]
[WhiteFideId "14204223"]
[BlackFideId "4103360"]
[WhiteElo "2616"]
[BlackElo "2407"]
[Result "1-0"]
[Round "10"]
[TimeControl "180+1"]
[Date "2021.10.19"]
[WhiteClock "0:00:23"]
[BlackClock "0:00:17"]

1. e4 Nc6 2. Nc3 Nf6 3. Nf3 d5 4. e5 Ne4 5. d4 Bg4 6. h3 Bxf3 7. gxf3 Nxc3 8. bxc3 e6 9. Rb1 Na5 10. f4 g6 11. Qf3 a6 12. c4 dxc4 13. Bd2 Nc6 14. c3 Na5 15. Bg2 c6 16. h4 h5 17. Rg1 Be7 18. Qh3 Bxh4 19. Be4 Be7 20. Rxg6 fxg6 21. Qxe6 Qd7 22. Qxg6+ Kd8 23. f5 b5 24. f6 Ba3 25. Bf5 Qc7 26. Bg5 Qa7 27. Qg7 Qxg7 28. fxg7+ Kc7 29. gxh8=Q Rxh8 30. Ke2 Nb7 31. f4 a5 32. Bg6 h4 33. f5 h3 34. Rh1 b4 35. f6 bxc3 36. e6 Nd8 37. e7 Ne6 38. Be3 Kd7 39. Rxh3 Bxe7 40. fxe7 1-0


[Site "https://www.chess.com"]

[Event "Titled Tuesday Blitz October 19 2021"]
[White "Wagner, Dennis"]
[Black "Aloma Vidal, Robert"]
[WhiteFideId "24650684"]
[BlackFideId "2260409"]
[WhiteElo "2355"]
[BlackElo "2435"]
[Result "1-0"]
[Round "10"]
[TimeControl "180+1"]
[Date "2021.10.19"]
[WhiteClock "0:00:46"]
[BlackClock "0:00:49"]

1. e4 e5 2. Nf3 Nf6 3. d4 Nxe4 4. dxe5 d5 5. Nbd2 Qd7 6. c3 g6 7. Bd3 Nc5 8. Bc2 Bg7 9. O-O O-O 10. Nb3 Ne6 11. Re1 c5 12. Ng5 b6 13. c4 Bb7 14. cxd5 Qxd5 15. Qg4 Nxg5 16. Bxg5 Qe6 17. Qh4 Nc6 18. Bf6 Rfe8 19. Re3 Nd4 20. Nxd4 cxd4 21. Bb3 Qc6 22. Rf3 Qc5 23. Rh3 h5 24. Bxg7 Qc6 25. Rf3 Kxg7 26. Rxf7+ Kh8 27. Qg5 1-0


[Site "https://www.chess.com"]

[Event "Titled Tuesday Blitz October 19 2021"]
[White "Weetik, Vjacheslav"]
[Black "Aggelis, Nikolaos"]
[WhiteFideId "4153472"]
[BlackFideId "4213220"]
[WhiteElo "2469"]
[BlackElo "2154"]
[Result "1-0"]
[Round "10"]
[TimeControl "180+1"]
[Date "2021.10.19"]
[WhiteClock "0:00:05"]
[BlackClock "0:00:02"]

1. Nf3 Nf6 2. g3 g6 3. Bg2 Bg7 4. O-O O-O 5. d4 d5 6. c4 Nc6 7. cxd5 Nxd5 8. e4 Nb6 9. d5 Na5 10. Qe2 e6 11. dxe6 Bxe6 12. Rd1 Qe7 13. Nc3 Rad8 14. Bg5 f6 15. Bf4 g5 16. Be3 Nac4 17. Nd4 Nxe3 18. Qxe3 Bc8 19. Qf3 c6 20. Nf5 Qe5 21. Bh3 Nc4 22. Qe2 Nd6 23. Nxd6 Rxd6 24. Rxd6 Qxd6 25. Qc4+ Kh8 26. Rd1 Qe7 27. Bf5 Bxf5 28. exf5 Re8 29. a4 Bf8 30. h4 Qb4 31. Qf7 Qe7 32. Qh5 gxh4 33. Qxh4 Rd8 34. Rxd8 Qxd8 35. Ne4 Bg7 36. Qf4 h6 37. Qd6 Qxd6 38. Nxd6 b6 39. Nc8 b5 40. axb5 cxb5 41. Nxa7 b4 42. Nc6 Bf8 43. b3 Kg7 44. Kg2 h5 45. Kf3 Bc5 46. Ke2 Kh6 47. f4 h4 48. gxh4 Kh5 49. Kf3 Kxh4 50. Nd8 Kh5 51. Ne6 Bd6 52. Nd8 Be7 53. Nc6 Bd6 54. Na7 Bc5 55. Nb5 Kh4 56. Nc7 Be7 57. Nd5 Bd8 58. Nxb4 Kh5 59. Nc6 Bb6 60. b4 Kh6 61. b5 Kg7 62. Ne7 Kf7 63. Nd5 Bc5 64. b6 Ke8 65. Nxf6+ Ke7 66. Nd5+ Kd7 67. Ke4 Kc6 68. f6 Bd6 69. Ne7+ Kd7 70. Kd5 Bb8 71. f5 Ke8 72. Ke6 Bf4 73. Ng6 Bb8 74. f7+ 1-0


[Site "https://www.chess.com"]

[Event "Titled Tuesday Blitz October 19 2021"]
[White "Weichhold, Pawel"]
[Black "Havanecz, Bianka"]
[WhiteFideId "1139703"]
[BlackFideId "704814"]
[WhiteElo "2309"]
[BlackElo "2443"]
[Result "1-0"]
[Round "10"]
[TimeControl "180+1"]
[Date "2021.10.19"]
[WhiteClock "0:00:13"]
[BlackClock "0:00:03"]

1. e4 c6 2. d4 d5 3. e5 c5 4. Nf3 Nc6 5. c4 Bg4 6. cxd5 Bxf3 7. Qxf3 Nxd4 8. Qe4 g6 9. Qxd4 cxd4 10. Bb5+ Qd7 11. Bxd7+ Kxd7 12. f4 f6 13. O-O Nh6 14. Na3 a6 15. Bd2 Bg7 16. Nc4 Raf8 17. Rfe1 fxe5 18. fxe5 Nf5 19. Rac1 Bh6 20. e6+ Kd8 21. Nb6 Nd6 22. Bxh6 Rf5 23. Rc5 1-0


[Site "https://www.chess.com"]

[Event "Titled Tuesday Blitz October 19 2021"]
[White "Zubov, Alexander"]
[Black "Nakamura, Hikaru"]
[WhiteFideId "14109409"]
[BlackFideId "2016192"]
[WhiteElo "2685"]
[BlackElo "2884"]
[Result "1/2-1/2"]
[Round "10"]
[TimeControl "180+1"]
[Date "2021.10.19"]
[WhiteClock "0:01:06"]
[BlackClock "0:00:52"]

1. d4 Nf6 2. c4 e6 3. Nf3 d5 4. Nc3 Be7 5. Bg5 h6 6. Bh4 O-O 7. e3 Nbd7 8. Rc1 c5 9. dxc5 dxc4 10. c6 bxc6 11. Bxc4 Nb6 12. Qxd8 Rxd8 13. Be2 c5 14. Ne5 Bb7 15. Bf3 Bxf3 16. gxf3 Rac8 17. Ke2 Kf8 18. Rhd1 Rxd1 19. Rxd1 Nfd5 20. Bxe7+ Kxe7 21. Rc1 f6 22. Nd3 c4 23. Nxd5+ Nxd5 24. Kd2 Nb6 25. Nf4 Rc5 26. h4 g5 27. hxg5 fxg5 28. Ne2 Kf6 29. f4 Ra5 30. fxg5+ hxg5 31. Nc3 Kf5 32. Rh1 Kg6 33. Rh8 Nd5 34. a3 Nxc3 35. Kxc3 Rf5 36. Rh2 Rb5 37. Rh8 Rf5 38. Rh2 Rb5 39. Rh8 Rf5 1/2-1/2


[Site "https://www.chess.com"]

[Event "Titled Tuesday Blitz October 19 2021"]
[White "Aggelis, Nikolaos"]
[Black "Diaz Camallonga, Carles"]
[WhiteFideId "4213220"]
[BlackFideId "22235256"]
[WhiteElo "2154"]
[BlackElo "2438"]
[Result "0-1"]
[Round "11"]
[TimeControl "180+1"]
[Date "2021.10.19"]
[WhiteClock "0:00:04"]
[BlackClock "0:00:42"]

1. d4 e6 2. g3 Nf6 3. Bg2 d5 4. Nf3 b5 5. O-O Bb7 6. b3 Nbd7 7. c4 dxc4 8. bxc4 bxc4 9. Na3 Bd5 10. Ne5 Bxg2 11. Kxg2 Nb6 12. Kg1 c5 13. dxc5 Bxc5 14. Naxc4 Qxd1 15. Rxd1 Nxc4 16. Nxc4 Rc8 17. Be3 Bxe3 18. Nxe3 Ke7 19. Rdc1 Ne4 20. Rab1 Nd6 21. Kg2 h6 22. Rxc8 Rxc8 23. Rb4 Rc7 24. Ra4 Nb5 25. Nd1 Rc2 26. Ra5 Nd4 27. Rxa7+ Kf6 28. e3 Ne2 29. Rb7 Rxa2 30. Rb2 Rxb2 31. Nxb2 Nc3 32. Kf3 g5 33. g4 Ke5 34. Nc4+ Kd5 35. Nb6+ Kc6 36. Nc4 f6 37. Nd2 Kd5 38. Kg3 Ne4+ 39. Nxe4 Kxe4 40. Kg2 Kd3 41. Kf3 e5 42. Kg2 Ke2 43. Kg3 Kf1 44. Kf3 Kg1 45. Kg3 e4 46. Kh3 Kf1 47. Kg3 Ke2 48. Kg2 Kd2 49. Kg3 Ke1 50. Kg2 Ke2 51. Kg3 Kf1 52. Kh3 Ke2 53. Kg2 Kd3 54. Kg3 Kc4 55. h4 Kd3 56. hxg5 hxg5 57. Kh3 Kd2 58. Kh2 Kc1 59. Kh1 Kd1 60. Kh2 Kd2 61. Kh1 Ke1 62. Kg1 Ke2 63. Kg2 Kd3 64. Kh3 Kc3 65. Kg3 Kc2 66. Kg2 Kd1 67. Kf1 Kd2 68. Kg2 Ke2 69. Kg1 Kf3 70. Kf1 Kxg4 71. Kg2 f5 72. Kh2 Kf3 73. Kg1 g4 74. Kf1 g3 75. fxg3 Kxg3 76. Kg1 Kf3 77. Kh2 Kxe3 78. Kg3 f4+ 0-1


[Site "https://www.chess.com"]

[Event "Titled Tuesday Blitz October 19 2021"]
[White "Bekturov, Tamerlan"]
[Black "Papasimakopoulos, Alexandros"]
[WhiteFideId "13710184"]
[BlackFideId "4244125"]
[WhiteElo "2186"]
[BlackElo "2352"]
[Result "1-0"]
[Round "11"]
[TimeControl "180+1"]
[Date "2021.10.19"]
[WhiteClock "0:01:51"]
[BlackClock "0:01:40"]

1. d4 e6 2. c4 Nf6 3. g3 Bb4+ 4. Bd2 Be7 5. Bg2 d5 6. Nf3 O-O 7. O-O c6 8. Qc2 Ne4 9. Bf4 f5 10. Nfd2 Nd7 11. f3 g5 12. Be3 Nd6 13. Bf2 Nf6 14. c5 Nf7 15. e4 fxe4 16. fxe4 e5 17. exd5 Nxd5 18. Nc3 Nxc3 19. bxc3 Bf6 20. Ne4 Bg7 21. Rad1 Bf5 22. dxe5 Qe7 23. Nf6+ Kh8 24. Qxf5 Nxe5 25. Qxh7# 1-0


[Site "https://www.chess.com"]

[Event "Titled Tuesday Blitz October 19 2021"]
[White "Csonka, Balazs"]
[Black "Arencibia Monduy, Antonio"]
[WhiteFideId "742910"]
[BlackFideId "3507939"]
[WhiteElo "2404"]
[BlackElo "2539"]
[Result "1/2-1/2"]
[Round "11"]
[TimeControl "180+1"]
[Date "2021.10.19"]
[WhiteClock "0:00:03"]
[BlackClock "0:00:03"]

1. e4 e6 2. d4 d5 3. Nc3 dxe4 4. Nxe4 Nd7 5. Nf3 Ngf6 6. Nxf6+ Nxf6 7. g3 Be7 8. Bg2 c5 9. O-O O-O 10. c4 Qb6 11. b3 Rd8 12. dxc5 Bxc5 13. Qc2 Bd7 14. Bg5 Bc6 15. Bxf6 gxf6 16. Nh4 Rd4 17. Rad1 Rad8 18. Rxd4 Rxd4 19. Bxc6 Qxc6 20. Rd1 Qe4 21. Qxe4 Rxe4 22. Kf1 Rd4 23. Rxd4 Bxd4 24. Nf3 Bc5 25. Ke2 Kf8 26. Ne1 f5 27. Nd3 Bd4 28. h3 Ke7 29. Kf3 Kf6 30. Ke2 e5 31. Nb4 e4 32. Nd5+ Ke5 33. Nc7 a6 34. Nd5 Bc5 35. Ne3 h5 36. Ng2 Kd4 37. Kd2 Bb4+ 38. Kc2 Ke5 39. Kd1 Bc5 40. Ke2 Kd4 41. Kd2 Bb4+ 42. Kc2 Ke5 43. Kd1 Bc5 44. Ke2 1/2-1/2


[Site "https://www.chess.com"]

[Event "Titled Tuesday Blitz October 19 2021"]
[White "Dang, Hoang Son"]
[Black "Nogerbek, Kazybek"]
[WhiteFideId "12402435"]
[BlackFideId "13710427"]
[WhiteElo "2248"]
[BlackElo "2436"]
[Result "0-1"]
[Round "11"]
[TimeControl "180+1"]
[Date "2021.10.19"]
[WhiteClock "0:00:02"]
[BlackClock "0:00:36"]

1. d4 e5 2. dxe5 Nc6 3. Nf3 d6 4. Nc3 Bg4 5. e4 dxe5 6. Be3 a6 7. Bc4 Bb4 8. O-O Bxc3 9. bxc3 Nf6 10. Bd5 Nxd5 11. exd5 Ne7 12. c4 e4 13. Qd4 Bxf3 14. gxf3 exf3 15. Bg5 f6 16. Rae1 Qd7 17. Re6 O-O 18. Be3 Ng6 19. Qg4 Rae8 20. Bc5 Ne5 21. Qf5 Rf7 22. Re1 Rd8 23. Kh1 h6 24. Bd4 Nxc4 25. Bxf6 Rdf8 26. Qg4 Rxf6 27. Qxc4 Kh8 28. Rg1 Rxe6 29. dxe6 Qe7 30. Rg6 Rf6 31. Qe4 c6 32. Rxf6 Qxf6 33. h3 Qe7 34. Kh2 Kg8 35. Kg3 Kf8 36. Kxf3 Qf6+ 37. Kg4 Ke7 38. f4 Qxe6+ 39. Qf5 c5 40. h4 b5 41. h5 b4 0-1


[Site "https://www.chess.com"]

[Event "Titled Tuesday Blitz October 19 2021"]
[White "Demchenko, Anton"]
[Black "Abarca Gonzalez, Nicolas"]
[WhiteFideId "4160258"]
[BlackFideId "3409422"]
[WhiteElo "2583"]
[BlackElo "2504"]
[Result "0-1"]
[Round "11"]
[TimeControl "180+1"]
[Date "2021.10.19"]
[WhiteClock "0:00:06"]
[BlackClock "0:00:06"]

1. e4 c5 2. Nf3 d6 3. d4 cxd4 4. Qxd4 a6 5. Be2 Nc6 6. Qe3 g6 7. h3 Bh6 8. Qc3 Qa5 9. Qxa5 Nxa5 10. Bxh6 Nxh6 11. c4 O-O 12. Nc3 Be6 13. b3 Rac8 14. Rc1 Kg7 15. O-O f5 16. e5 dxe5 17. Nxe5 Nf7 18. Nf3 Nc6 19. Rfe1 Bd7 20. Na4 Rcd8 21. Nb6 e5 22. Red1 Be6 23. Kf1 e4 24. Ne1 Nfe5 25. f4 Nf7 26. Nc2 h6 27. Kf2 Kf6 28. Ne3 g5 29. g3 Ne7 30. b4 Rxd1 31. Rxd1 Rd8 32. Rxd8 Nxd8 33. a3 Ndc6 34. Nc2 Ng6 35. Ke3 gxf4+ 36. gxf4 Nh4 37. Bf1 Nf3 38. Na4 Ke7 39. Nc3 Kd6 40. c5+ Ke7 41. Bg2 Nh4 42. Bh1 Bb3 43. Nd4 Nxd4 44. Kxd4 Ke6 45. a4 Bc2 46. b5 axb5 47. axb5 Bd3 48. b6 Kd7 49. Nd5 Bf1 50. Nb4 Ng6 51. c6+ bxc6 52. Ke3 Ne7 53. Kd4 Bxh3 54. Kc5 Bg4 55. Na6 Kc8 56. Kd6 Kb7 57. Nc5+ Kxb6 58. Nd7+ Kb5 59. Bg2 c5 60. Bf1+ c4 61. Kxe7 e3 62. Ne5 e2 63. Bxe2 Bxe2 64. Kf6 c3 65. Kxf5 c2 66. Kg6 c1=Q 67. Kxh6 Qxf4+ 68. Kh7 Qxe5 69. Kg8 Qc7 70. Kf8 Bc4 71. Ke8 Be6 72. Kf8 Qf7# 0-1


[Site "https://www.chess.com"]

[Event "Titled Tuesday Blitz October 19 2021"]
[White "Ghazarian, Kirk"]
[Black "Szpar, Milosz"]
[WhiteFideId "30908604"]
[BlackFideId "1184989"]
[WhiteElo "2003"]
[BlackElo "2285"]
[Result "1-0"]
[Round "11"]
[TimeControl "180+1"]
[Date "2021.10.19"]
[WhiteClock "0:00:13"]
[BlackClock "0:01:00"]

1. c4 Nf6 2. Nc3 c5 3. Nf3 d5 4. cxd5 Nxd5 5. e3 Nc6 6. Bb5 Nxc3 7. bxc3 Bd7 8. O-O g6 9. d4 Bg7 10. Rb1 O-O 11. Bd3 Qc7 12. Qe2 Be6 13. Ba3 b6 14. Rfc1 Na5 15. c4 cxd4 16. Nxd4 Qd7 17. Nxe6 Qxe6 18. c5 Rfd8 19. Bb4 Nc6 20. Bc4 Qf6 21. Ba3 Ne5 22. Bb2 Qh4 23. g3 Qh3 24. Bxe5 Bxe5 25. Qf3 e6 26. c6 Bc7 27. Rd1 Qf5 28. Qxf5 gxf5 29. Rd7 Rxd7 30. cxd7 Kf8 31. Bb5 Ke7 32. Rc1 Kd8 33. Bc6 Rb8 34. a4 a6 35. Rb1 Bd6 36. Kg2 Kc7 37. Rc1 Bc5 38. Rd1 Rd8 39. Bf3 Bd6 40. Be2 Ra8 41. Bxa6 Kxd7 42. Bb5+ Ke7 43. Rc1 Bc5 44. Rd1 Kf6 45. Kf3 h5 46. h4 Ke5 47. Ke2 Rg8 48. Rd7 Kf6 49. Rd3 Rg4 50. Rd2 Rb4 51. Rd7 Rb2+ 52. Rd2 Rb3 53. Rd3 Rb1 54. Rd1 Rb4 55. Rd3 Re4 56. Rb3 Ke5 57. Kf3 f6 58. Rd3 Rb4 59. Be8 Be7 60. Rd7 Bd6 61. Rh7 Rb2 62. Rxh5 Bb4 63. Bb5 Be1 64. Be2 Ra2 65. Rh7 Rxa4 66. Rb7 Ba5 67. h5 Ra1 68. Kg2 Ra2 69. h6 Rc2 70. h7 Rc8 71. Bh5 f4 72. gxf4+ Kf5 73. Rg7 Rh8 74. Bg6+ Kg4 75. Rg8 Rxh7 76. Bxh7+ Kh4 77. Bd3 f5 78. Re8 b5 79. Rxe6 b4 80. Re5 b3 81. Bb1 b2 82. Rxf5 Bd2 83. Rb5 Bxe3 84. fxe3 Kg4 85. Kf2 Kh4 86. Ke2 Kg4 87. Kd2 Kh4 88. Kc2 Kg4 89. Kxb2 Kh4 90. Kc2 Kg4 91. f5 Kh4 92. f6 Kg4 93. f7 Kh4 94. f8=Q Kg4 95. Qf4+ Kh3 96. Rh5+ Kg2 97. Rh2+ Kg1 98. Qf2# 1-0


[Site "https://www.chess.com"]

[Event "Titled Tuesday Blitz October 19 2021"]
[White "Gurvich, Vitaly"]
[Black "Maksimovic, Bojan"]
[WhiteFideId "24164852"]
[BlackFideId "14408120"]
[WhiteElo "2275"]
[BlackElo "2439"]
[Result "0-1"]
[Round "11"]
[TimeControl "180+1"]
[Date "2021.10.19"]
[WhiteClock "0:00:11"]
[BlackClock "0:00:04"]

1. e4 c5 2. Nf3 Nc6 3. d4 cxd4 4. Nxd4 Nf6 5. Nc3 e5 6. Ndb5 h6 7. Nd5 Nxd5 8. exd5 a6 9. Nc3 Nd4 10. Bd3 d6 11. O-O g6 12. f4 Bg7 13. Kh1 O-O 14. Be3 Nf5 15. Bd2 Nd4 16. Be3 b5 17. Bxd4 exd4 18. Ne2 Bb7 19. Be4 Re8 20. Bf3 Qf6 21. a4 b4 22. Nc1 Qxf4 23. Nd3 Qg5 24. Nxb4 Bc8 25. Nc6 Bd7 26. Re1 Rxe1+ 27. Qxe1 Re8 28. Qf1 d3 29. Qxd3 Bxb2 30. Rf1 a5 31. Qb3 Be5 32. Nxe5 Qxe5 33. h3 Qd4 34. Qa3 Bxa4 35. Qxd6 Bxc2 36. Qd7 Qa4 37. Qa7 Bd3 38. Rc1 Qa3 39. Qc7 Re7 40. Qc8+ Kg7 41. Rd1 a4 42. d6 Qxd6 43. Qc7 Qxc7 0-1


[Site "https://www.chess.com"]

[Event "Titled Tuesday Blitz October 19 2021"]
[White "Hambleton, Aman"]
[Black "Obolenskikh, Dmitry"]
[WhiteFideId "2606577"]
[BlackFideId "4156013"]
[WhiteElo "2552"]
[BlackElo "2541"]
[Result "1-0"]
[Round "11"]
[TimeControl "180+1"]
[Date "2021.10.19"]
[WhiteClock "0:00:04"]
[BlackClock "0:00:16"]

1. d4 d5 2. Bf4 Nf6 3. e3 c5 4. c3 Nc6 5. Nd2 cxd4 6. exd4 Bf5 7. Qb3 Qc8 8. Ngf3 e6 9. Be2 Be7 10. O-O O-O 11. Rfe1 Ne4 12. Nxe4 Bxe4 13. Nd2 Bg6 14. a4 Qd7 15. a5 Bd6 16. Bxd6 Qxd6 17. Qa3 Qc7 18. a6 b6 19. Nf1 Rac8 20. Ne3 h6 21. Bf1 Rfd8 22. Qa4 Qd6 23. Qd1 Ne7 24. Qd2 Nc6 25. Ng4 Bf5 26. Ne3 Bg6 27. Qd1 Na5 28. h4 Nc6 29. h5 Bh7 30. g3 Be4 31. Bd3 Bxd3 32. Qxd3 Na5 33. Re2 Nc4 34. Rae1 Nxe3 35. Rxe3 Rc4 36. f4 Re8 37. f5 Rcc8 38. fxe6 Rxe6 39. Rxe6 fxe6 40. Qg6 Rf8 41. Qxe6+ Qxe6 42. Rxe6 Rf3 43. Re7 Rxg3+ 44. Kf2 Rd3 45. Ke2 Rh3 46. Kd1 Rxh5 47. Rxa7 Rh1+ 48. Kc2 Ra1 49. c4 dxc4 50. d5 Kf8 51. Kc3 h5 52. d6 Ke8 53. Kxc4 h4 54. Rxg7 Rxa6 55. Kb5 Ra2 56. Kc6 Rxb2 57. d7+ Kd8 58. Rg8+ 1-0


[Site "https://www.chess.com"]

[Event "Titled Tuesday Blitz October 19 2021"]
[White "Harshavardhan G B"]
[Black "Omariev, Maksim"]
[WhiteFideId "25059009"]
[BlackFideId "4193423"]
[WhiteElo "1825"]
[BlackElo "2429"]
[Result "1-0"]
[Round "11"]
[TimeControl "180+1"]
[Date "2021.10.19"]
[WhiteClock "0:00:42"]
[BlackClock "0:00:01"]

1. e4 c5 2. Nf3 d6 3. d4 cxd4 4. Nxd4 Nf6 5. Nc3 a6 6. Be2 e6 7. Be3 Be7 8. O-O O-O 9. f4 Qc7 10. Bf3 Nc6 11. Kh1 Re8 12. a4 Bf8 13. g4 Nxd4 14. Bxd4 e5 15. Be3 exf4 16. Bxf4 Be6 17. g5 Nd7 18. Bg4 Nc5 19. Bg3 Qc6 20. Re1 Rad8 21. Qf3 d5 22. exd5 Bxd5 23. Nxd5 Rxe1+ 24. Rxe1 Qxd5 25. Qxd5 Rxd5 26. Re8 Nxa4 27. Bf3 Rd7 28. Bf2 f6 29. b3 Kf7 30. Rb8 Nc5 31. gxf6 gxf6 32. Rxf8+ Kxf8 33. Bxc5+ Kg7 34. Be4 h5 35. Bd3 f5 36. Kg2 Kf6 37. Kf3 Ke5 38. Be3 Rg7 39. Bf4+ Kd5 40. Bxf5 Rg1 41. Be4+ Ke6 42. Bxb7 a5 43. Ba6 Ra1 44. Bb5 Ra2 45. c4 1-0


[Site "https://www.chess.com"]

[Event "Titled Tuesday Blitz October 19 2021"]
[White "Hjartarson, Johann"]
[Black "Gabrielian, Artur"]
[WhiteFideId "2300044"]
[BlackFideId "4131002"]
[WhiteElo "2502"]
[BlackElo "2489"]
[Result "1-0"]
[Round "11"]
[TimeControl "180+1"]
[Date "2021.10.19"]
[WhiteClock "0:00:16"]
[BlackClock "0:00:02"]

1. Nf3 Nf6 2. g3 g6 3. b4 Bg7 4. Bb2 c6 5. Bg2 a5 6. a3 Na6 7. O-O O-O 8. d3 d5 9. Nbd2 Bg4 10. Rb1 axb4 11. axb4 Nc7 12. Ne5 Be6 13. c4 dxc4 14. Ndxc4 Ncd5 15. Qd2 Nb6 16. Rfc1 Nxc4 17. Nxc4 Bd5 18. Na5 Bxg2 19. Kxg2 Qd7 20. Bxf6 Bxf6 21. Qe3 Bd4 22. Qf3 Bb6 23. Nc4 Bd4 24. Rc2 h5 25. h3 Ra6 26. Na5 Rb6 27. e3 Bg7 28. d4 Rb5 29. Rc5 Rb6 30. Nc4 Rb5 31. Rxb5 cxb5 32. Na5 e5 33. dxe5 Bxe5 34. Nxb7 Qd3 35. Rd1 Qc4 36. Qd5 Bb2 37. Nd6 Qxb4 38. Qxb5 Qxb5 39. Nxb5 Rb8 40. Rd5 Bf6 41. g4 hxg4 42. hxg4 Kg7 43. g5 Be7 44. f4 Ra8 45. Kf3 Ra1 46. Nd4 Rf1+ 47. Ke4 Ra1 48. Nc6 Bf8 49. Rd7 Ra4+ 50. Kf3 Kg8 51. Ne5 Ra3 52. Rxf7 Bc5 53. Rf6 Rxe3+ 54. Kg4 Re1 55. Rxg6+ Kf8 56. Rc6 Bd4 57. Kf5 Ke7 58. g6 Bxe5 59. fxe5 Rf1+ 60. Kg5 Rg1+ 61. Kh6 Rh1+ 62. Kg7 Re1 63. Kg8 Rxe5 64. g7 Rg5 65. Rc2 Kf6 66. Rf2+ Kg6 67. Kf8 Kh7 68. Rh2+ Kg6 69. g8=Q+ 1-0


[Site "https://www.chess.com"]

[Event "Titled Tuesday Blitz October 19 2021"]
[White "Janaszak, Dawid"]
[Black "Timmermans, Mark"]
[WhiteFideId "1119206"]
[BlackFideId "1026399"]
[WhiteElo "2215"]
[BlackElo "2460"]
[Result "1-0"]
[Round "11"]
[TimeControl "180+1"]
[Date "2021.10.19"]
[WhiteClock "0:00:19"]
[BlackClock "0:01:04"]

1. e4 e5 2. Nf3 Nc6 3. Bc4 Nf6 4. d3 Be7 5. a4 O-O 6. c3 d6 7. Na3 Kh8 8. Nc2 Ng8 9. Ne3 f5 10. exf5 Bxf5 11. Nxf5 Rxf5 12. Qe2 Rf8 13. O-O Bf6 14. a5 a6 15. Qe4 Nge7 16. Qg4 d5 17. Bb3 Qc8 18. Qxc8 Raxc8 19. Re1 Rcd8 20. h3 Ng6 21. Ng5 Rd7 22. Ne6 Rb8 23. Nc5 Rd6 24. Bc2 Kg8 25. g3 Kf7 26. h4 Nxa5 27. Rxa5 b6 28. Nxa6 bxa5 29. Nxb8 Ke6 30. Be3 Ne7 31. Bc5 Rd8 32. Bxe7 Rxb8 33. Bxf6 gxf6 34. b3 h6 35. Kf1 Kd6 36. Ke2 c5 37. Ra1 Ra8 38. b4 cxb4 39. cxb4 Rc8 40. Kd2 axb4 41. Ra6+ Ke7 42. Bb3 d4 43. Re6+ Kf8 44. Rb6 Kg7 45. Rxb4 Rc7 46. Bd5 Kg6 47. Be4+ Kg7 48. Rb7 Rxb7 49. Bxb7 f5 50. Ke2 Kf6 51. Bc8 e4 52. g4 exd3+ 53. Kxd3 fxg4 54. Bxg4 Ke5 55. h5 Kf4 56. Bd1 Ke5 57. Be2 Kd5 58. Bf3+ Ke5 59. Be4 Kf4 60. Kxd4 Kg4 61. Ke5 Kg5 62. Bg6 Kg4 63. f4 1-0


[Site "https://www.chess.com"]

[Event "Titled Tuesday Blitz October 19 2021"]
[White "Jaracz, Pawel"]
[Black "Vokhidov, Shamsiddin"]
[WhiteFideId "1102222"]
[BlackFideId "14204223"]
[WhiteElo "2495"]
[BlackElo "2616"]
[Result "0-1"]
[Round "11"]
[TimeControl "180+1"]
[Date "2021.10.19"]
[WhiteClock "0:01:00"]
[BlackClock "0:02:24"]

1. e4 c5 2. Nf3 g6 3. d4 cxd4 4. Nxd4 Bg7 5. Nc3 Nc6 6. Be3 Nf6 7. Nxc6 bxc6 8. e5 Ng8 9. Bd4 Qc7 10. f4 Nh6 11. Bc4 O-O 12. Qe2 d5 13. exd6 exd6 14. Bxg7 Kxg7 15. h3 d5 16. Bd3 Qxf4 17. Rf1 Qg3+ 18. Kd2 Bf5 19. Rae1 Rae8 20. Qf2 Qg5+ 21. Kd1 Bxd3 22. cxd3 Nf5 23. Qd2 Ne3+ 24. Kc1 d4 25. Ne4 Qd5 26. Rxe3 dxe3 27. Qxe3 f5 28. Qxa7+ Rf7 0-1


[Site "https://www.chess.com"]

[Event "Titled Tuesday Blitz October 19 2021"]
[White "Kamsky, Gata"]
[Black "Aradhya, Garg"]
[WhiteFideId "2000024"]
[BlackFideId "25006746"]
[WhiteElo "2603"]
[BlackElo "2146"]
[Result "1-0"]
[Round "11"]
[TimeControl "180+1"]
[Date "2021.10.19"]
[WhiteClock "0:00:15"]
[BlackClock "0:00:07"]

1. d4 d5 2. Bf4 Nf6 3. e3 c5 4. c3 Nc6 5. Nd2 Bf5 6. Ngf3 Qb6 7. dxc5 Qxb2 8. Nd4 e5 9. Nxf5 exf4 10. Rb1 Qxc3 11. Rxb7 fxe3 12. fxe3 Qxc5 13. Bb5 Bd6 14. Nb3 Qc3+ 15. Qd2 Qxd2+ 16. Kxd2 Ne4+ 17. Kd3 O-O 18. Bxc6 Nf2+ 19. Ke2 Nxh1 20. Nxd6 Rad8 21. Nf5 Kh8 22. Nbd4 a5 23. Rb1 Rb8 24. Rxh1 Rb2+ 25. Kf3 Rxa2 26. Bxd5 Ra3 27. Nd6 g6 28. N6b5 Ra4 29. Rc1 Rd8 30. Bb3 Rb4 31. Rc7 f5 32. Ra7 f4 33. Kxf4 Rf8+ 34. Kg5 Rb8 35. Kh6 Rxb3 36. Rxh7+ Kg8 37. Nxb3 Rxb5 38. Rg7+ Kh8 39. Ra7 Rxb3 40. Ra8+ Rb8 41. Rxb8# 1-0


[Site "https://www.chess.com"]

[Event "Titled Tuesday Blitz October 19 2021"]
[White "Kovalev, Vladislav"]
[Black "Nguyen, Ngoc Truong Son"]
[WhiteFideId "13504398"]
[BlackFideId "12401110"]
[WhiteElo "2573"]
[BlackElo "2596"]
[Result "1/2-1/2"]
[Round "11"]
[TimeControl "180+1"]
[Date "2021.10.19"]
[WhiteClock "0:00:07"]
[BlackClock "0:00:07"]

1. e4 e5 2. Nf3 Nf6 3. Nxe5 d6 4. Nf3 Nxe4 5. Bd3 Nf6 6. O-O Be7 7. c3 O-O 8. Bc2 Bg4 9. h3 Bh5 10. d4 Nbd7 11. Nbd2 d5 12. Bf5 Bd6 13. Qb3 Rb8 14. a4 c6 15. a5 Qc7 16. a6 b6 17. c4 Rbe8 18. cxd5 cxd5 19. Qd3 Bg6 20. Bxg6 hxg6 21. Nb1 Ne4 22. Nc3 Nxc3 23. bxc3 Nf6 24. Ba3 Ne4 25. Bxd6 Nxd6 26. Ne5 Rc8 27. Rac1 Nc4 28. Rfe1 Rfe8 29. Nf3 Qf4 30. Rb1 Re4 31. Rf1 Rce8 32. Rb5 Qd6 33. Nd2 Nxd2 34. Qxd2 Qc6 35. Qd3 Rc8 36. g3 Re7 37. Rfb1 Qxc3 38. Qxc3 Rxc3 39. Rxd5 Ra3 40. Rd8+ Kh7 41. d5 Rxa6 42. d6 Re6 43. Rd1 b5 44. Rd7 f6 45. h4 Rb6 46. Rxa7 Rexd6 47. Rc1 Ra6 48. Rb7 Rdb6 49. Rf7 Ra8 50. Rcc7 Rg8 51. Rb7 Rxb7 52. Rxb7 Kh6 53. Rxb5 f5 54. Kg2 Rf8 55. Rb6 Kh7 56. Kh3 Re8 57. Rb4 Re2 58. Kg2 Re6 59. Kf3 Ra6 60. Kf4 Ra2 61. f3 Ra5 62. Kg5 Ra3 63. Rf4 Ra6 64. Rd4 Ra3 65. Kf4 Ra5 66. Rc4 Ra6 67. Kg5 Ra5 68. h5 gxh5 69. Kxh5 f4+ 70. Kg4 fxg3 71. Kxg3 Rg5+ 72. Rg4 Rxg4+ 73. Kxg4 Kg6 74. f4 Kf6 75. f5 g6 76. fxg6 Kxg6 1/2-1/2


[Site "https://www.chess.com"]

[Event "Titled Tuesday Blitz October 19 2021"]
[White "Krivonosov, Oleg"]
[Black "Nozdrachev, Leonid"]
[WhiteFideId "11600349"]
[BlackFideId "24113433"]
[WhiteElo "2469"]
[BlackElo "2124"]
[Result "1/2-1/2"]
[Round "11"]
[TimeControl "180+1"]
[Date "2021.10.19"]
[WhiteClock "0:00:22"]
[BlackClock "0:00:14"]

1. Nf3 Nf6 2. c4 c6 3. d4 d5 4. cxd5 cxd5 5. Nc3 Nc6 6. Bf4 e6 7. e3 Bd6 8. Bg3 O-O 9. Bd3 Qe7 10. O-O e5 11. dxe5 Nxe5 12. Be2 Nxf3+ 13. Bxf3 Bxg3 14. hxg3 Rd8 15. Qd4 Be6 16. Rac1 a6 17. Rfd1 Rac8 18. Nxd5 Bxd5 19. Rxc8 Rxc8 20. Bxd5 Nxd5 21. Qxd5 g6 22. b3 Rc2 23. Qd8+ Qxd8 24. Rxd8+ Kg7 25. Rd7 b5 26. a4 Rc3 27. Rd6 Rxb3 28. Rxa6 Rb1+ 29. Kh2 b4 30. Rb6 Rb2 31. f3 h5 32. e4 b3 33. a5 Ra2 34. Rxb3 Rxa5 35. Kh3 Ra1 36. Kh2 Rc1 37. Rb7 Re1 38. Rb4 Kf6 39. f4 Ke6 40. Rb6+ Ke7 41. e5 Kd7 42. Ra6 Ke7 43. Ra3 Rf1 44. Rf3 Re1 45. Rd3 Rf1 46. Rd6 Re1 47. Ra6 Rf1 48. Ra8 Re1 49. Rh8 Rf1 50. Rh7 Ke6 51. Rh8 Ke7 52. Rc8 Ke6 53. Rc6+ Ke7 54. Rf6 Re1 55. g4 hxg4 56. Kg3 Re2 57. Ra6 Rd2 58. Ra4 Ke6 59. Ra6+ Ke7 60. Rf6 Rc2 61. Rb6 Rd2 62. Rb4 Ke6 63. Rb6+ Ke7 64. Ra6 Rc2 65. Ra7+ Ke6 66. Ra6+ Ke7 67. Rf6 Rd2 68. Rc6 Rb2 69. Rc1 Rd2 70. Rg1 f6 71. exf6+ Kxf6 72. Kxg4 g5 73. g3 gxf4 74. gxf4 Ra2 75. Rc1 Rg2+ 76. Kf3 Ra2 77. Rc6+ Kf5 78. Rc5+ Kf6 79. Rb5 Ra1 80. Rb6+ Kf5 81. Rb5+ Kf6 82. Rb8 Rc1 83. Rf8+ Ke7 84. Rf5 Ke6 85. Rg5 Kf6 86. Rb5 Rf1+ 87. Kg3 Rg1+ 88. Kf2 Ra1 89. Kf3 Rf1+ 90. Ke4 Re1+ 91. Kd3 Rd1+ 92. Ke2 Ra1 93. Rd5 Ra3 94. Kf2 Rb3 95. Re5 Ra3 96. Re3 Rxe3 97. Kxe3 Kf5 98. Kf3 Kf6 99. Ke4 Ke6 100. f5+ Kf6 101. Kf4 Kf7 102. Kg5 Kg7 103. f6+ Kf7 104. Kf5 Kf8 105. Ke6 Ke8 106. f7+ Kf8 107. Kf6 1/2-1/2


[Site "https://www.chess.com"]